 Dungeon Crawl Stone Soup version 0.19.0-11-g3fc08b3 (webtiles) character file.

50 ufetubus the Ogre Mage (level 3, 0/33 HPs)
             Began as an Ogre Wizard on Nov 10, 2016.
             Slain by a jackal (1 damage)
             ... on level 2 of the Dungeon.
             The game lasted 00:04:46 (1515 turns).

ufetubus the Ogre Mage (Ogre Wizard)                Turns: 1515, Time: 00:04:46

Health: 0/33       AC:  3    Str: 17    XL:     3   Next: 79%
Magic:  1/8        EV: 10    Int: 18    God:
Gold:   33         SH:  0    Dex:  8    Spells: 2 memorised, 7 levels left

rFire  . . .     SeeInvis .     g - +0 club
rCold  . . .     Gourm    .     a - +0 robe
rNeg   . . .     Faith    .     (no shield)
rPois  .         Spirit   .     b - +0 hat
rElec  .         Reflect  .     (no cloak)
rCorr  .         Harm     .     (gloves unavailable)
MR     .....                    (boots unavailable)
Stlth  +.........               (no amulet)
                                (no ring)
                                (no ring)

@: mighty, lethally poisoned (0 -> -2)
A: unfitting armour, tough skin 1
a: no special abilities


You were on level 2 of the Dungeon.
You were not hungry.

You visited 1 branch of the dungeon, and saw 2 of its levels.

You collected 33 gold pieces.

Inventory:

Hand Weapons
 g - a +0 club (weapon)
Armour
 a - a +0 robe (worn)
 b - a +0 hat (worn)
Scrolls
 j - a scroll of remove curse {unknown}
Potions
 h - a potion of haste {unknown}
 i - a potion of agility {unknown}
Books
 c - a book of Minor Magic

   Spells                             Type                      Level
   a - Magic Dart                     Conjuration                  1
   b - Blink                          Translocation                2
   c - Call Imp                       Summoning                    2
   d - Repel Missiles                 Charms/Air                   2
   e - Slow                           Hexes                        2
   f - Conjure Flame                  Conjuration/Fire             3
   g - Mephitic Cloud                 Conjuration/Poison/Air       3
Comestibles
 d - a bread ration
 f - a chunk of flesh
 k - a meat ration


   Skills:
 - Level 1.0 Fighting
 + Level 2.5 Maces & Flails
 - Level 1.7 Dodging
 - Level 1.4 Stealth
 - Level 4.2 Spellcasting
 - Level 1.1 Conjurations
   Level 0.6 Summonings
 - Level 0.6 Translocations


You had 7 spell levels left.
You knew the following spells:

 Your Spells              Type           Power        Failure   Level  Hunger
a - Magic Dart            Conj           #...         12%         1    None
b - Blink                 Tloc           N/A          17%         2    ##.....


Dungeon Overview and Level Annotations

Branches:
Dungeon (2/15)

Altars:


Innate Abilities, Weirdness & Mutations

You are too large for most types of armour.
You have tough skin. (AC +1)


Message History

You hit the jackal but do no damage.
The jackal is almost dead.
The jackal barely misses you. The jackal completely misses you.
The jackal misses you. x2
You hit the jackal.
You kill the jackal!
* * * LOW HITPOINT WARNING * * *
You feel sick.
The jackal bites you but does no damage.
The jackal barely misses you. The jackal closely misses you.
The jackal bites you.
* * * LOW HITPOINT WARNING * * *
The jackal bites you but does no damage.
Found a pink potion.
You see here an adder corpse.
Unknown command.
It was a potion of might.
You feel very mighty all of a sudden. The jackal bites you.
You die...

.!.. #......
#........... ...
####...#....... ....
.......#....... ....
...#........... ...(
.........>..... ....
#............ ....
#.@....... # #hh.......
# ##........ # ..##
##........ # ...##
###......... #. ##...#
##........... ... ....##
#....8.......
..###....###...8.8......
.##...........8._.8..##.


You could see 2 jackals.

Vanquished Creatures
  An adder (D:2)
  2 oozes (D:1)
  A leopard gecko (D:1)
  5 bats
  A giant cockroach (D:1)
  7 hobgoblins
  A jackal (D:2)
  3 frilled lizards (D:1)
  3 goblins
  2 kobolds (D:1)
  4 rats (D:1)
30 creatures vanquished.

Notes
Turn   | Place    | Note
-------+----------+-------------------------------------------
     0 | D:1      | ufetubus the Ogre Wizard began the quest for the Orb.
     0 | D:1      | Reached XP level 1. HP: 16/16 MP: 5/5
    57 | D:1      | Reached skill level 1 in Fighting
    94 | D:1      | Reached skill level 1 in Conjurations
   302 | D:1      | Reached XP level 2. HP: 16/27 MP: 1/6
   479 | D:1      | Reached skill level 4 in Spellcasting
   761 | D:1      | Reached XP level 3. HP: 33/33 MP: 5/8
   812 | D:1      | Reached skill level 1 in Maces & Flails
  1144 | D:2      | Learned a level 2 spell: Blink
  1410 | D:2      | Found a faded altar of an unknown god.
  1513 | D:2      | HP: 1/33 [jackal (2)]
  1515 | D:2      | Slain by a jackal

Skill      XL: |  1  2  3 |
---------------+----------+-----
Fighting       | 1 |  1.0
Conjurations   | 1 |  1.1
Spellcasting   | 4 |  4.2
Maces & Flails | 2 |  2.5
Dodging        | |  1.7
Stealth        | |  1.4
Summonings     | |  0.6
Translocations | |  0.6

Action                   || total
-------------------------++-------
Melee: Unarmed           ||    36
       Club              ||    32
 Cast: Magic Dart        ||    69
  Use: Potion            ||     1
  Eat: Chunk             ||     2
Armor: Robe              ||    32
Dodge: Dodged            ||    69
